 Dungeon Crawl Stone Soup version 0.31.0-11-ge490571c62 (webtiles) character file.

Game seed: 816270994934578411

184 qw the Skirmisher (level 5, 0/22 (29) HPs)
             Began as a Deep Elf Hunter on Feb 3, 2024.
             Slain by a wight
             ... wielding a +0 mace
              (2 damage)
             ... on level 4 of the Dungeon.
             The game lasted 00:00:07 (2267 turns).

qw the Skirmisher (Deep Elf Hunter)                 Turns: 2267, Time: 00:00:08

HP:   0/22 (29)     AC:  7    Str: 10    XL:     5   Next: 36%
MP:   7/7           EV: 11    Int: 14    God:
Gold: 135           SH:  0    Dex: 18    Spells: 4/4 levels left

rFire   . . .        a - +1 shortbow (freeze)
rCold   . . .        (shield currently unavailable)
rNeg    . . .        d - +0 ring mail
rPois   .            f - +1 helmet
rElec   .            (no cloak)
rCorr   .            (no gloves)
SInv    .            (no boots)
Will    .....        (no amulet)
Stlth   +            (no ring)
HPRegen 0.23/turn    (no ring)
MPRegen 0.10/turn

%: no passive effects
@: heavily drained
A: no striking features
a: no special abilities


You were on level 4 of the Dungeon.
You visited 1 branch of the dungeon, and saw 4 of its levels.

You collected 135 gold pieces.


   Skills:
 - Level 1.5 Fighting
 + Level 8.9 Ranged Weapons
 - Level 2.4 Dodging
 - Level 1.2 Stealth


You had 4 spell levels left.
You didn't know any spells.
Your spell library was empty.

Inventory:

Hand Weapons
 a - a +1 shortbow of freezing (weapon)
Armour
 d - a +0 ring mail (worn)
 f - a +1 helmet (worn)
Scrolls
 g - a scroll of identify
 h - a scroll of fog {unknown}
Potions
 b - a potion of resistance
 c - a potion of invisibility {unknown}
 e - 2 potions of curing
 i - a potion of attraction {unknown}
 j - a potion of brilliance {unknown}

Dungeon Overview and Level Annotations

Branches:
Dungeon (4/15)
 Temple: D:4-7

Altars:

Annotations:
D:3 1 runed translucent door, qw's ghost, weakling SpHu


Message History

You shoot an arrow. The arrow hits the wight.
The wight is moderately damaged.
You shoot an arrow.
The arrow hits the wight but does no damage.
The wight is moderately damaged.
The wight closely misses you.
You shoot an arrow.
The arrow hits the wight but does no damage.
The wight is moderately damaged.
The wight hits you with a +0 flail.
You feel drained.
You shoot an arrow.
The arrow hits the wight but does no damage.
The wight is moderately damaged.
You shoot an arrow. The arrow closely misses the wight.
The arrow hits the wight but does no damage.
The wight is moderately damaged.
You shoot an arrow. The arrow hits the wight.
The wight is lightly damaged.
The wight completely misses you.
You shoot an arrow. The arrow barely misses the wight.
The arrow hits the wight.
The wight is moderately damaged.
The wight hits you with a +0 mace.
You feel drained.
You shoot an arrow. The arrow hits the wight.
The wight is moderately damaged.
The wight hits you but does no damage.
You shoot an arrow.
The arrow hits the wight but does no damage.
The wight is moderately damaged.
The wight hits you with a +0 mace.
You feel drained.
You shoot an arrow.
The arrow hits the wight but does no damage.
The wight is moderately damaged.
The wight hits you with a +0 mace.
You feel drained.
You shoot an arrow. The arrow barely misses the wight. x2
The wight hits you with a +0 mace.
You feel drained. The wight hits you with a +0 mace.
You shoot an arrow. The arrow completely misses the wight.
The arrow closely misses the wight.
The wight hits you with a +0 mace.
You feel drained.
You die...

#############
...%....)...#
.##########.## .#
######...#########
##
#...........@zz..#
#.#.##...#..##z#.#
##.#.###.##..# ..
###....# #.##..#
... #......#
#.##..# ##.
###....# #.###.#
####.# #.# #.#
######.###.###.##
#...............#
#


You could see 3 wights.

Vanquished Creatures
  A hound (D:4)
  A bombardier beetle (D:3)
  An orc wizard (D:4)
  An adder (D:3)
  3 dart slugs
  A ribbon worm (D:2)
  5 orcs (D:4)
  9 endoplasms
  A giant cockroach (D:4)
  9 goblins
  5 hobgoblins
  4 kobolds
  2 quokkas
  11 ball pythons
  9 bats
  3 frilled lizards
  10 rats
76 creatures vanquished.

Notes
Turn   | Place    | Note
-------+----------+-------------------------------------------
     0 | D:1      | qw the Deep Elf Hunter began the quest for the Orb.
     0 | D:1      | Reached XP level 1. HP: 12/12 MP: 3/3
     0 | D:1      | 0 ||| qw: Version: 0.3-a-155-g5e7d8dd
     0 | D:1      | 0 ||| qw: Game counter: 3547
     0 | D:1      | 0 ||| qw: Melee chars always use a shield: true
     0 | D:1      | 0 ||| qw: God list: Okawaru
     0 | D:1      | 0 ||| qw: Allow faded altars: false
     0 | D:1      | 0 ||| qw: Do Orc after clearing Dungeon:15 true
     0 | D:1      | 0 ||| qw: Do second Lair branch before Depths: true
     0 | D:1      | 0 ||| qw: Lair rune preference: random
     0 | D:1      | 0 ||| qw: Goals: Normal
     0 | D:1      | 0 ||| PLANNING D:1-11
    76 | D:1      | Reached skill level 6 in Ranged Weapons
    76 | D:1      | Reached XP level 2. HP: 16/16 MP: 4/4
   429 | D:1      | Reached XP level 3. HP: 20/20 MP: 5/5
   690 | D:1      | 690 ||| UPGRADING to +0 ring mail.
   700 | D:1      | 700 ||| DROPPING +0 leather armour.
   701 | D:1      | 701 ||| UPGRADING to +0 helmet.
   706 | D:1      | 706 ||| READING 2 scrolls labelled BULEUJ RALO.
   709 | D:1      | 709 ||| READING scroll labelled YFRODI QAGO.
   810 | D:1      | 810 ||| DRINKING 2 fizzy grey potions.
   811 | D:1      | 811 ||| DROPPING scroll of butterflies.
   912 | D:2      | HP: 2/20 [ribbon worm (5)]
   913 | D:2      | 913 ||| READING scroll of teleportation.
  1046 | D:2      | Reached skill level 7 in Ranged Weapons
  1499 | D:2      | 1499 ||| READING scroll labelled EMACYSS UDWO.
  1499 | D:2      | 1499 ||| IDENTIFYING silvery potion
  1500 | D:2      | 1500 ||| READING scroll labelled XAG ETHRAOPH.
  1500 | D:2      | 1500 ||| ENCHANTING +0 shortbow.
  1501 | D:2      | 1501 ||| READING scroll labelled QAELADENIT.
  1501 | D:2      | 1501 ||| ENCHANTING +0 helmet.
  1558 | D:3      | Reached XP level 4. HP: 25/25 MP: 6/6
  1597 | D:3      | Found a faded altar of an unknown god.
  1643 | D:3      | Found a runed translucent door.
  1650 | D:3      | Noticed qw's ghost (weakling SpHu)
  1766 | D:3      | Reached skill level 8 in Ranged Weapons
  2027 | D:3      | 2027 ||| READING scroll of identify.
  2027 | D:3      | 2027 ||| IDENTIFYING glowing puce potion
  2028 | D:3      | 2028 ||| READING scroll labelled JESTAQ ZIROI.
  2028 | D:3      | 2028 ||| BRANDING +1 shortbow.
  2061 | D:4      | Reached XP level 5. HP: 26/29 MP: 7/7
  2125 | D:4      | HP: 7/29 [orc wizard/magic dart (4)]
  2126 | D:4      | 2126 ||| DRINKING 2 potions of heal wounds.
  2130 | D:4      | HP: 4/29 [orc wizard/magic dart (7)]
  2131 | D:4      | 2131 ||| DRINKING potion of heal wounds.
  2267 | D:4      | HP: 2/24 [wight/+0 mace (5)]
  2267 | D:4      | Slain by a wight

Levels and vault maps discovered:
D:1:      dpeg_arrival_subterranean_lakeside_camping, layout_loops_ring
D:2:      kennysheep_big_flooded_room, layout_basic
D:3:      layout_rooms, ebering_ghost_reflecting_pool,
          hellmonk_ecumenical_altar_blasted
D:4:      layout_loops_ring, uniq_crazy_yiuf_cottage

Skill      XL: |  1  2  3  4 |
---------------+-------------+-----
Ranged Weapons | 6 7 8 |  8.9
Fighting       | |  1.5
Dodging        | |  2.4
Stealth        | |  1.2

Action                     |  1- 3 |  4- 6 || total
---------------------------+-------+-------++-------
   Fire: Shortbow          |   121 |    74 ||   195
    Use: Scroll            |     6 |     2 ||     8
         Potion            |     1 |     2 ||     3
 Armour: Leather armour    |     5 |       ||     5
         Ring mail         |     8 |    34 ||    42
  Dodge: Dodged            |    19 |    15 ||    34

Table legend:
 A = Non-vault XP
 B = Vault XP
 C = Vault XP percentage of total XP
 D = Non-vault monster count
 E = Vault monster count
 F = Vault count percentage of total count
                 A         B        C        D         E       F
            +---------+---------+-------+---------+---------+-------
      Total |     251 |      12 |   4.6 |      68 |       8 |  10.5
            +---------+---------+-------+---------+---------+-------
        D:1 |      38 |       9 |  19.1 |      24 |       6 |  20.0
        D:2 |      40 |       3 |   7.0 |      19 |       2 |   9.5
        D:3 |      71 |       0 |   0.0 |      13 |       0 |   0.0
        D:4 |     102 |       0 |   0.0 |      12 |       0 |   0.0
            +---------+---------+-------+---------+---------+-------
